AoeStats
← dennis.schauk

Golden Pit

509937097Analyzed
1v1 RM · 2d ago on Sep 28, 2026· 44m 52s· 2 players
Game mode
Random Map
Map size
Tiny (2 player)
Population
200
Speed
Normal
Resources
Standard
Victory
Conquest
Starting age
Dark Age
Ending age
Imperial Age
RankedLock teamsTeams togetherTeam positionsShared explorationLock speedFull tech treeHidden civsTurbo modeCheats
Victory
Defeat
🇨🇴 Turks · Colombia
582
+13
🇩🇪 Bohemians · Germany
511
-13
dennis.schauk
13:17 Feudal Age
14:42 Wheelbarrow
14:11 Double-Bit Axe
14:57 Man-at-Arms
15:22 Horse Collar
23:43 Loom
26:01 Castle Age
27:11 Hand Cart
27:24 Bow Saw
27:17 Heavy Plow
27:12 Pikeman
38:32 Chemistry
37:54 Ballistics
42:13 Imperial Age
brayancobos741
13:26 Feudal Age
24:50 Castle Age
33:43 Imperial Age
31:51 Wheelbarrow
32:44 Double-Bit Axe
33:00 Horse Collar
34:13 Gold Mining
35:54 Murder Holes
40:53 Heavy Plow
42:21 Gold Shaft Mining
43:06 Elite Janissary
Connection lost

Rejoining the realm…

Still unreachable

The connection could not be restored.

Session expired

The server has moved on; the page needs a fresh start.